 Dungeon Crawl Stone Soup version 0.21-a0-414-gba8bdf1 (webtiles) character file.

687 JackS81 the Sneak (level 7, 0/32 HPs)
             Began as a Spriggan Enchanter on Nov 3, 2017.
             Succumbed to an adder's poison
             ... on level 3 of the Dungeon.
             The game lasted 00:27:00 (5604 turns).

JackS81 the Sneak (Spriggan Enchanter)              Turns: 5604, Time: 00:27:01

Health: 0/32       AC:  3    Str:  4    XL:     7   Next: 35%
Magic:  2/12       EV: 19    Int: 18    God:
Gold:   205        SH:  0    Dex: 17    Spells: 2/11 levels left

rFire    . . .     SeeInvis +   a - +2 dagger
rCold    . . .     Gourm    .   (shield restricted)
rNeg     + . .     Faith    .   v - +1 robe {rN+}
rPois    .         Spirit   .   (helmet restricted)
rElec    .         Reflect  .   (no cloak)
rCorr    .         Harm     .   (gloves unavailable)
MR       +....                  (boots unavailable)
Stlth    ++++......             (no amulet)
HPRegen  0.10/turn              (no ring)
MPRegen  0.13/turn              (no ring)

@: lethally poisoned (0 -> -3), very quick
A: unfitting armour, see invisible, herbivore 3, speed 3, slow metabolism 2
a: no special abilities


You were on level 3 of the Dungeon.
You were near starving.

You visited 1 branch of the dungeon, and saw 5 of its levels.

You collected 205 gold pieces.

Inventory:

Hand Weapons
 a - a +2 dagger (weapon)
Missiles
 i - 48 arrows
Armour
 b - a +0 robe
 v - a +1 robe of positive energy (worn)
Scrolls
 f - 3 scrolls of remove curse
 g - 2 scrolls of identify
 l - a scroll of recharging
 s - 3 scrolls of magic mapping
 t - 2 scrolls of noise
Potions
 e - 2 potions of flight
 u - a potion of brilliance
Books
 c - a book of Maledictions

   Spells                             Type                      Level
   a - Corona                         Hexes                        1
   b - Ensorcelled Hibernation        Hexes/Ice                    2
   c - Confuse                        Hexes                        3
   d - Tukima's Dance                 Hexes                        3
   e - Dazzling Spray                 Conjuration/Hexes            3
Comestibles
 d - 6 bread rations
 m - 5 royal jellies
 r - 2 fruits


   Skills:
 * Level 6.1 Short Blades
 * Level 3.9 Dodging
 + Level 7.9 Stealth
 - Level 2.6 Spellcasting
 - Level 5.4 Hexes
 - Level 0.8 Ice Magic


You had 2 spell levels left.
You knew the following spells:

 Your Spells              Type           Power        Failure   Level  Hunger
a - Corona                Hex            ###....      1%          1    #......
b - Confuse               Hex            ###.....     5%          3    ###....
c - Tukima's Dance        Hex            ###.....     5%          3    ###....
d - Ensorcelled Hibernat  Hex/Ice        ##....       7%          2    ##.....


Dungeon Overview and Level Annotations

Branches:
Dungeon (5/15)
 Temple: D:4-7

Altars:


Innate Abilities, Weirdness & Mutations

You are very small and have problems with some larger weapons.
You are too small for most types of armour.
You have supernaturally acute eyesight. (SInv)
You are a herbivore.
You cover ground extremely quickly.
You need consume almost no food.


Message History

The phantom is severely damaged.
The jackal barely misses you.
The phantom blinks!
There is an escape hatch in the ceiling here.
The adder bites you.
* * * LOW HITPOINT WARNING * * *
You are lethally poisoned!
The adder poisons you! A mysterious force pulls you upwards.
The hatch slams shut behind you.
* * * LOW HITPOINT WARNING * * *
You feel sick.
* * * LOW HITPOINT WARNING * * *
You feel sick.
Your magical effects are unravelling.
You feel magically purged.
You feel yourself slow down.
You feel a little less clever now.
* * * LOW HITPOINT WARNING * * *
You feel sick.
There is a stone staircase leading up here.
You climb upwards.
You die...

.....# #............#
..÷..# #............#
.....# #............#
.....#########............#
..........÷...............#
........#####.............#
###.###.# #.............#
###.#<..#####.............#
................@##'#######
###.#....####..#.##.....#
#.#.##.#####.#.######.#
###.#+##.##...........#.#
.......#.##.##...####.#.#
....†..#.##.###..# #.#.#
.......#....###..# #.#.#
.%...............## #.#.#
..................###.#.#


There were no monsters in sight!

Vanquished Creatures
  Duvessa (D:4)
  A bullfrog (D:3)
  Dowan (D:4)
  A scorpion (D:4)
  2 jellies (D:5)
  A hound (D:4)
  An orc priest (D:5)
  2 orc wizards (D:5)
  An iguana (D:4)
  A worker ant (D:3)
  10 adders
  A howler monkey skeleton (D:2)
  An ooze (D:1)
  An adder skeleton (D:2)
  2 dart slugs (D:1)
  2 leopard geckos
  5 orcs
  2 ball pythons
  2 bat skeletons (D:2)
  A bat zombie (D:2)
  5 giant cockroaches
  4 goblins
  6 hobgoblins
  3 jackals (D:5)
  4 quokkas
  7 bats
  5 frilled lizards
  A giant cockroach zombie (D:2)
  A jackal zombie (D:2)
  5 kobolds
  A leopard gecko skeleton (D:2)
  A leopard gecko zombie (D:5)
  2 quokka skeletons (D:2)
  A quokka zombie (D:2)
  7 rats
92 creatures vanquished.

Vanquished Creatures (collateral kills)
  2 gnolls (D:5)
2 creatures vanquished.

Vanquished Creatures (others)
  2 dancing weapons
2 creatures vanquished.

Grand Total: 96 creatures vanquished

Notes
Turn   | Place    | Note
-------+----------+-------------------------------------------
     0 | D:1      | JackS81 the Spriggan Enchanter began the quest for the Orb.
     0 | D:1      | Reached XP level 1. HP: 9/9 MP: 5/5
    93 | D:1      | Reached XP level 2. HP: 3/13 MP: 6/6
   942 | D:1      | Reached XP level 3. HP: 12/16 MP: 8/8
   948 | D:1      | Learned a level 3 spell: Confuse
   952 | D:1      | Learned a level 3 spell: Tukima's Dance
   999 | D:1      | You fall through a shaft!
  1614 | D:2      | Reached skill level 5 in Stealth
  2125 | D:2      | Reached XP level 4. HP: 11/21 MP: 9/9
  2862 | D:3      | Noticed a bullfrog
  2873 | D:3      | Reached skill level 5 in Hexes
  2877 | D:3      | Killed a bullfrog
  2877 | D:3      | Reached XP level 5. HP: 22/24 MP: 1/10
  3267 | D:3      | Learned a level 2 spell: Ensorcelled Hibernation
  3800 | D:4      | Reached skill level 6 in Stealth
  3800 | D:4      | Reached XP level 6. HP: 28/28 MP: 11/11
  3842 | D:4      | Noticed Duvessa
  3842 | D:4      | Noticed Dowan
  3851 | D:4      | HP: 1/28 [Duvessa (7)]
  4342 | D:4      | Reached skill level 5 in Short Blades
  4850 | D:4      | Killed Duvessa
  4854 | D:4      | Killed Dowan
  4854 | D:4      | Reached skill level 7 in Stealth
  4854 | D:4      | Reached XP level 7. HP: 32/32 MP: 2/12
  5154 | D:5      | Entered Level 5 of the Dungeon
  5596 | D:4      | HP: 1/32 [poisoned by an adder]
  5601 | D:4      | HP: 1/32 [poisoned by an adder]
  5604 | D:3      | Succumbed to an adder's poison

Vault maps used:
D:1:      dpeg_arrival_tiny_i, hangedman_decor_diamond_cutter,
          minmay_misc_feat_rows, nrook_loot_triangle, minivault_23
D:2:      serial_undead, serial_undead_b, serial_undead_f, serial_undead_e,
          serial_undead_a, serial_undead_c, serial_undead_b, serial_undead_f,
          serial_undead_a, first_bread
D:4:      gup_sewer_entry_spiral, uniq_duvessa
D:5:      uniq_crazy_yiuf_cottage

Skill      XL: |  1  2  3  4  5  6  7 |
---------------+----------------------+-----
Hexes          | 4 5 |  5.4
Short Blades   | 2 3 4 5 6 |  6.1
Stealth        | 5 6 7 |  7.9
Dodging        | |  3.9
Spellcasting   | |  2.6
Ice Magic      | |  0.8

Action                   |  1- 3 |  4- 6 |  7- 9 || total
-------------------------+-------+-------+-------++-------
Melee: Dagger            |   183 |   166 |   103 ||   452
 Cast: Corona            |    16 |     4 |       ||    20
       Confuse           |     5 |    14 |     4 ||    23
       Tukima's Dance    |     1 |     2 |     4 ||     7
       Ensorcelled Hiber |       |    17 |    10 ||    27
  Use: Scroll            |     2 |       |     6 ||     8
       Potion            |       |     2 |     5 ||     7
 Stab: Distracted        |     1 |     1 |       ||     2
       Sleeping          |     8 |    17 |     6 ||    31
       Confused          |     2 |     6 |       ||     8
  Eat: Bread ration      |       |     1 |       ||     1
Armor: Robe              |    13 |    20 |     8 ||    41
Dodge: Dodged            |   140 |   118 |    71 ||   329

Table legend:
 A = Spawn XP
 B = Non-spawn XP
 C = Spawn XP percentage of total XP
 D = Spawn monster count
 E = Non-spawn monster count
 F = Spawn count percentage of total count
 G = Total turns spent on level
                    A         B        C        D         E        F      G
               +---------+---------+-------+---------+---------+-------+---------
         Total |       0 |     982 |   0.0 |       0 |      94 |   0.0 |  5604
               +---------+---------+-------+---------+---------+-------+---------
           D:1 |       0 |      41 |   0.0 |       0 |      20 |   0.0 |  1250
           D:2 |       0 |      89 |   0.0 |       0 |      25 |   0.0 |  1475
           D:3 |       0 |     202 |   0.0 |       0 |      21 |   0.0 |  1198
           D:4 |       0 |     418 |   0.0 |       0 |      16 |   0.0 |  1242
           D:5 |       0 |     232 |   0.0 |       0 |      12 |   0.0 |   439
               +---------+---------+-------+---------+---------+-------+---------
